 Dungeon Crawl Stone Soup version 0.28-a0-119-ga52ba8600a (webtiles) character file.

Game seed: 15230300747155137186

384 Icehuman the Chopper (level 6, -5/47 HPs)
             Began as a Demonspawn Gladiator on Aug 13, 2021.
             Killed by divine providence
             ... invoked by an orc priest
              (16 damage)
             ... on level 4 of the Dungeon.
             The game lasted 00:06:59 (2893 turns).

Icehuman the Chopper (Demonspawn Gladiator)         Turns: 2893, Time: 00:06:59

Health: -5/47      AC:  7    Str: 15    XL:     6   Next: 47%
Magic:  9/9        EV: 13    Int: 10    God:
Gold:   231        SH:  0    Dex: 15    Spells: 9/9 levels left

rFire   + . .      SeeInvis +   a - +0 war axe
rCold   . . .      Faith    .   (no shield)
rNeg    . . .      Spirit   .   d - +2 leather armour {rF+}
rPois   .          Reflect  .   c - +1 helmet
rElec   .          Harm     .   (no cloak)
rCorr   .          Rampage  .   (no gloves)
Will    .....                   (no boots)
Stlth   +.........              (no amulet)
HPRegen 0.15/turn               b - ring of see invisible
MPRegen 0.11/turn               (no ring)

@: no status effects
A: spiny 3, condensation shield
a: no special abilities


You were on level 4 of the Dungeon.
You visited 1 branch of the dungeon, and saw 4 of its levels.
You also visited: Sewer.

You collected 231 gold pieces.

Inventory:

Hand Weapons
 a - a +0 war axe (weapon)
 j - a +2 vorpal falchion
Missiles
 s - 10 poisoned darts (quivered)
Armour
 c - a +1 helmet (worn)
 d - a +2 leather armour of fire resistance (worn)
Magical Staves
 r - a staff of earth
Jewellery
 b - a ring of see invisible (left hand)
 q - an amulet of magic regeneration
 t - a ring of see invisible
Scrolls
 k - a scroll of fear {unknown}
 l - 2 scrolls of teleportation {unknown}
 m - 2 scrolls of identify {unknown}
 n - a scroll of brand weapon {unknown}
Potions
 e - a potion of lignification {unknown}
 f - a potion of magic {unknown}
 g - 2 potions of curing {unknown}
 h - a potion of mutation {unknown}
 i - a potion of heal wounds {unknown}
 o - a potion of berserk rage
 p - a potion of haste {unknown}
 u - a potion of ambrosia {unknown}


   Skills:
 + Level 3.5 Fighting
 + Level 3.8 Axes
 - Level 1.7 Throwing
 + Level 2.4 Armour
 + Level 3.8 Dodging
 + Level 2.4 Spellcasting


You had 9 spell levels left.
You didn't know any spells.
Your spell library contained the following spells:

 Spells                   Type           Power      Damage    Failure   Level
 Corpse Rot               Necr/Air       N/A        N/A       50%         2
 Poisonous Vapours        Pois/Air       2%         N/A       50%         2
 Ignite Poison            Fire/Tmut/Pois 1%         N/A       73%         3
 Mephitic Cloud           Conj/Pois/Air  1%         N/A       73%         3
 Bolt of Magma            Conj/Fire/Erth 0%         4d4       100%        5
 Freezing Cloud           Conj/Ice/Air   0%         6-21      100%        5


Dungeon Overview and Level Annotations

Branches:
Dungeon (4/15)              Sewer (visited)
 Temple: D:4-7

Altars:


Innate Abilities, Weirdness & Mutations

You are completely covered in sharp spines.
A meltable shield of frost defends you. (SH +0)


Message History

The orc shouts!
The orc wizard casts a spell.
The orc wizard flickers and vanishes for a moment.
You bump into the rock wall.
You bump into the rock wall.
The orc priest shouts!
You closely miss the orc.
You feel less confused. The orc is struck by your spines.
You kill the orc!
The orc priest mumbles some strange prayers to Beogh against you.
Beogh smites you!
The orc wizard gestures at you while chanting.
The puff of flame hits you.
Your condensation shield dissipates!
You resist.
The orc wizard is struck by your spines.
You kill the orc wizard!
Things that are here:
a +0 hand axe; an orc corpse The orc is struck by your spines.
You kill the orc!
Things that are here:
a +0 dagger; a +0 robe The orc priest hits you with a +0 war axe.
Things that are here:
a +0 short sword; a +0 leather armour You barely miss the orc priest.
The orc priest mumbles some strange prayers to Beogh against you.
Pain shoots through your body!
* * * LOW HITPOINT WARNING * * *
The orc priest hits you but does no damage.
You closely miss the orc priest.
The orc priest hits you with a +0 war axe.
* * * LOW HITPOINT WARNING * * *
You slash the orc priest!
The orc priest is heavily wounded.
The orc priest mumbles some strange prayers to Beogh against you.
Beogh smites you!
You die...

################
#..............#
###.############.#
....# #.# ....#
#.# ....# #)#
...## #)# #### #@#
#o# #.# #.# #.#
..# ###


You could see an orc priest.

Vanquished Creatures
  Eustachio (D:4)
  A water moccasin (Sewer)
  Terence (D:2)
  An orc wizard (D:4)
  A river rat (D:3)
  2 adders
  2 worms
  3 orcs (D:4)
  A ball python (D:4)
  6 bats
  An endoplasm (D:1)
  4 giant cockroaches
  2 goblins
  4 hobgoblins
  10 kobolds
  A quokka (D:3)
  A frilled lizard (D:3)
  4 rats
46 creatures vanquished.

Notes
Turn   | Place    | Note
-------+----------+-------------------------------------------
     0 | D:1      | Icehuman the Demonspawn Gladiator began the quest for the
                  | Orb.
     0 | D:1      | Reached XP level 1. HP: 16/16 MP: 1/1
    79 | D:1      | Found a faded altar of an unknown god.
   675 | D:2      | Gained mutation: You are partially covered in sharp spines.
                  | [demonic ancestry]
   675 | D:2      | Reached XP level 2. HP: 22/22 MP: 2/2
   726 | D:2      | Noticed Terence
   734 | D:2      | Killed Terence
   735 | D:2      | Reached skill level 1 in Armour
   735 | D:2      | Reached skill level 1 in Spellcasting
   735 | D:2      | Gained mutation: You are mostly covered in sharp spines.
                  | [demonic ancestry]
   735 | D:2      | Reached XP level 3. HP: 16/28 MP: 2/4
  1782 | D:3      | Gained mutation: You are completely covered in sharp
                  | spines. [demonic ancestry]
  1782 | D:3      | Reached XP level 4. HP: 15/34 MP: 5/5
  1787 | D:3      | Found a glowing drain.
  1791 | Sewer    | Entered a sewer
  1996 | Sewer    | Noticed a water moccasin
  2005 | Sewer    | Killed a water moccasin
  2006 | Sewer    | Gained mutation: A meltable shield of frost defends you.
                  | (SH +0) [demonic ancestry]
  2006 | Sewer    | Reached XP level 5. HP: 27/41 MP: 5/7
  2651 | D:4      | Noticed Eustachio
  2687 | D:4      | Killed Eustachio
  2688 | D:4      | Reached XP level 6. HP: 28/47 MP: 7/9
  2893 | D:4      | Killed from afar by an orc priest

Illustrated notes

Levels and vault maps discovered:
D:1:      minmay_arrival_semitransparent, layout_loops_ring,
          ebering_ecumenical_altar_webs, st_stairs_8
D:2:      layout_rooms, uniq_terence
D:3:      layout_loops_corners, gup_sewer_entry_bowl, kennysheep_generic_room_7
D:4:      minmay_chambers_of_threes, layout_basic, amcnicky_altar_gilded,
          chequers_serial_rivers_micro_d, uniq_duvessa, uniq_sigmund,
          uniq_eustachio

Skill      XL: |  1  2  3  4  5 |
---------------+----------------+-----
Axes           | 3 |  3.8
Armour         | 1 2 |  2.4
Dodging        | 3 |  3.8
Spellcasting   | 1 2 |  2.4
Fighting       | 3 |  3.5
Throwing       | |  1.7

Action                   |  1- 3 |  4- 6 || total
-------------------------+-------+-------++-------
Melee: War axe           |    49 |    42 ||    91
  Use: Scroll            |     3 |       ||     3
Armor: Ring mail         |    12 |    20 ||    32
       Leather armour    |     1 |     2 ||     3
Dodge: Dodged            |    29 |    27 ||    56
Block: Other             |       |     2 ||     2

Table legend: (Time is in decaauts)
 A = Elapsed time spent in this place.
 B = Non-inter-level travel time spent in this place.
 C = Inter-level travel time spent in this place.
 D = Time resting spent in this place.
 E = Time spent auto-exploring this place.
 F = Levels seen in this place.
 G = Mean time per level.
                   A        B        C        D        E       F      G
               +--------+--------+--------+--------+--------+-----+--------+
         Total |   2930 |   2836 |     94 |      0 |   2470 |   5 |  586.0 |
       Dungeon |   2563 |   2469 |     94 |      0 |   2150 |   4 |  640.8 |
         Sewer |    366 |    366 |      0 |      0 |    320 |   1 |  366.0 |
               +--------+--------+--------+--------+--------+-----+--------+

Top non-repeatable levels by time:
     D:3: 886 daAuts
     D:1: 666 daAuts
     D:2: 589 daAuts
     D:4: 420 daAuts
   Sewer: 366 daAuts
